 Dungeon Crawl Stone Soup version 0.21-a0-178-g0b87683 (webtiles) character file.

124 AvylaarBelgium the Caller (level 4, 0/24 HPs)
             Began as a Deep Elf Summoner on Aug 9, 2017.
             Slain by Grinder (11 damage)
             ... on level 3 of the Dungeon.
             The game lasted 00:10:38 (2376 turns).

AvylaarBelgium the Caller (Deep Elf Summoner)       Turns: 2376, Time: 00:10:38

Health: 0/24       AC:  5    Str:  9    XL:     4   Next: 81%
Magic:  4/13       EV: 13    Int: 21    God:
Gold:   185        SH:  0    Dex: 15    Spells: 4/13 levels left

rFire    + . .     SeeInvis .   z - +4 quarterstaff (chaos)
rCold    + + .     Gourm    .   (shield currently unavailable)
rNeg     + . .     Faith    +   a - +0 robe
rPois    +         Spirit   .   C - +1 helmet of Salvation {Str+4 Stlth-}
rElec    +         Reflect  .   s - +0 cloak
rCorr    +         Harm     .   (no gloves)
MR       .....                  (no boots)
Stlth    +.........             k - amulet of faith
HPRegen  0.08/turn              p - ring of protection from cold
MPRegen  0.13/turn              y - ring of positive energy

@: resistant
A: no striking features
a: no special abilities


You were on level 3 of the Dungeon.
You were very hungry.

You visited 1 branch of the dungeon, and saw 3 of its levels.

You collected 185 gold pieces.

Inventory:

Hand Weapons
 f - a +0 spear
 z - a +4 quarterstaff of chaos (weapon)
 B - a +4 dagger of freezing
Armour
 a - a +0 robe (worn)
 s - a +0 cloak (worn)
 C - the +1 helmet of Salvation (worn) {Str+4 Stlth-}
   (You took it off Robin on level 3 of the Dungeon)

   It affects your strength (+4).
   It makes you less stealthy.
Jewellery
 k - an amulet of faith (around neck)
 p - a ring of protection from cold (left hand)
 y - a ring of positive energy (right hand)
Scrolls
 d - 2 scrolls of enchant armour {unknown}
 e - a scroll of noise {unknown}
 i - 2 scrolls of teleportation {unknown}
 l - 6 scrolls of remove curse {unknown}
 m - 2 scrolls of fog {unknown}
 o - 5 scrolls of identify {unknown}
 t - a scroll of random uselessness {unknown}
 v - a scroll of immolation {unknown}
 E - a scroll of magic mapping {unknown}
Potions
 h - a potion of magic {unknown}
 j - 3 potions of lignification {unknown}
 r - a potion of cancellation {unknown}
 w - a potion of agility {unknown}
 x - 4 potions of curing {unknown}
 A - a potion of brilliance {unknown}
Books
 b - a book of Callings

   Spells                             Type                      Level
   a - Summon Small Mammal            Summoning                    1
   b - Call Imp                       Summoning                    2
   c - Call Canine Familiar           Summoning                    3
   d - Summon Guardian Golem          Hexes/Summoning              3
   e - Summon Lightning Spire         Summoning/Air                4
   f - Summon Ice Beast               Ice/Summoning                4
Comestibles
 c - a bread ration
 g - a meat ration
 n - a royal jelly
 D - 2 fruits


   Skills:
 - Level 2.4 Dodging
 - Level 2.4 Stealth
 + Level 5.3 Spellcasting
 + Level 5.6 Summonings


You had 4 spell levels left.
You knew the following spells:

 Your Spells              Type           Power        Failure   Level  Hunger
a - Summon Small Mammal   Summ           ####         1%          1    None
b - Call Imp              Summ           ####....     1%          2    None
c - Summon Guardian Gole  Hex/Summ       ###.....     10%         3    ##.....
d - Call Canine Familiar  Summ           ####....     3%          3    ##.....


Dungeon Overview and Level Annotations

Branches:
Dungeon (3/15)

Altars:
Sif Muna
Uskayaw

Annotations:
D:3 1 transporter, Grinder


Message History

Pain shoots through your body!
You feel protected.
Your hound closely misses Grinder. x2
Unknown command.
Wield which item (- for none, * to show all)? (? for menu, Esc to quit)
Your +4 quarterstaff of chaos is briefly surrounded by a scintillating aura of random colours.
z - a +4 quarterstaff of chaos (weapon)
Grinder completely misses you.
Okay, then.
You sock Grinder!
Grinder seems to speed up.
Grinder is severely wounded.
Your hound bites Grinder.
Grinder hits your hound.
Your hound writhes in agony.
Your hound bites Grinder but does no damage.
Grinder gestures at your hound.
Your hound writhes in agony!
Unknown command.
You closely miss Grinder.
Grinder is almost dead.
Your hound closely misses Grinder.
Grinder hits you!
You die...

## ###############
.# #..........##@###
.# #........).##5h.#
.###..........##.#.#
.##.55..########5#.#
..#.#.### #.#.#
......# #.#.#
.....#### #.#.#
........## #.#.#
#........# #.#.#


You could see Grinder, a friendly hound and a friendly crimson imp.

Vanquished Creatures
  6 goblins
  2 hobgoblins
  2 bats
  2 frilled lizards (D:2)
  2 rats (D:1)
14 creatures vanquished.

Vanquished Creatures (collateral kills)
  Crazy Yiuf (D:2)
  Natasha (twice) (D:2)
  Terence (D:2)
  Robin (D:3)
  4 adders
  An ooze (D:1)
  2 worms (D:2)
  A leopard gecko (D:3)
  An orc (D:3)
  11 goblins
  6 hobgoblins
  2 jackals (D:3)
  2 kobolds
  A quokka (D:2)
  3 bats
  2 frilled lizards
  A rat (D:1)
42 creatures vanquished.

Grand Total: 56 creatures vanquished

Notes
Turn   | Place    | Note
-------+----------+-------------------------------------------
     0 | D:1      | AvylaarBelgium the Deep Elf Summoner began the quest for the Orb.
     0 | D:1      | Reached XP level 1. HP: 10/10 MP: 6/6
   273 | D:1      | Reached XP level 2. HP: 6/15 MP: 5/8
   994 | D:2      | Noticed Natasha
  1006 | D:2      | Noticed a crimson imp
  1011 | D:2      | Killed Natasha
  1011 | D:2      | Reached skill level 5 in Summonings
  1011 | D:2      | Reached XP level 3. HP: 11/19 MP: 3/10
  1068 | D:2      | Learned a level 3 spell: Call Canine Familiar
  1072 | D:2      | Learned a level 3 spell: Summon Guardian Golem
  1075 | D:2      | Learned a level 2 spell: Call Imp
  1383 | D:2      | Noticed Natasha
  1404 | D:2      | Killed Natasha
  1417 | D:2      | Found a runed door.
  1485 | D:2      | Noticed Crazy Yiuf
  1508 | D:2      | Killed Crazy Yiuf
  1508 | D:2      | Reached XP level 4. HP: 24/24 MP: 2/12
  1672 | D:2      | Noticed Terence
  1726 | D:2      | Killed Terence
  1726 | D:2      | Reached skill level 5 in Spellcasting
  1987 | D:3      | Noticed Grinder
  1999 | D:3      | Paralysed by Grinder for 6 turns
  2008 | D:3      | Paralysed by Grinder for 2 turns
  2102 | D:3      | Found a transporter.
  2106 | D:3      | Noticed a kobold demonologist
  2144 | D:3      | Noticed Robin
  2161 | D:3      | Killed Robin
  2174 | D:3      | Got a jewelled helmet
  2180 | D:3      | Identified the +1 helmet of Salvation {Str+4 Stlth-} (You took it off Robin on level 3 of the Dungeon)
  2233 | D:3      | Found a deep blue altar of Sif Muna.
  2235 | D:3      | Found a hide-covered altar of Uskayaw.
  2311 | D:3      | Paralysed by Grinder for 6 turns
  2376 | D:3      | Slain by Grinder

Vault maps used:
D:1:      shiori_arrival_maze
D:2:      uniq_crazy_yiuf_cottage, uniq_terence, uniq_natasha
D:3:      gammafunk_wand_slinger, gammafunk_temple_overflow_statue,
          chequers_ecumenical_altar_simple, uniq_grinder, uniq_robin

Skill      XL: |  1  2  3  4 |
---------------+-------------+-----
Spellcasting   | 4 5 |  5.3
Summonings     | 5 |  5.6
Dodging        | |  2.4
Stealth        | |  2.4

Action                   |  1- 3 |  4- 6 || total
-------------------------+-------+-------++-------
Melee: Spear             |    62 |    17 ||    79
       Unarmed           |     5 |       ||     5
       Quarterstaff      |       |     2 ||     2
 Cast: Summon Small Mamm |    25 |       ||    25
       Call Imp          |     7 |    18 ||    25
       Call Canine Famil |     7 |     9 ||    16
  Use: Potion            |       |     2 ||     2
 Stab: Sleeping          |     4 |     1 ||     5
  Eat: Chunk             |     2 |     2 ||     4
Armor: Robe              |     7 |    12 ||    19
Dodge: Dodged            |    56 |    22 ||    78
